 Dungeon Crawl Stone Soup version 0.17-a0-2073-gde5cdba (webtiles) character file.

54 tp1 the Conjurer (level 3, -1/19 HPs)
             Began as a Deep Elf Conjurer on Oct 14, 2015.
             Killed from afar by Natasha (8 damage)
             ... with a magic dart
             ... on level 2 of the Dungeon.
             The game lasted 00:06:39 (1743 turns).

tp1 the Conjurer (Deep Elf Conjurer)                Turns: 1743, Time: 00:06:39

Health: -1/19      AC:  3    Str:  5    XL:     3   Next: 66%
Magic:  6/9        EV: 13    Int: 20    God:
Gold:   51         SH:  0    Dex: 15    Spells: 1 memorised, 7 levels left

rFire  . . .     SeeInvis .     m - +0 dagger (flame)
rCold  . . .     Clarity  .     d - +0 leather armour
rNeg   . . .     SustAt   .     (no shield)
rPois  .         Gourm    .     (no helmet)
rElec  .         Spirit   .     (no cloak)
rCorr  .         Warding  .     (no gloves)
rMut   .         Stasis   .     (no boots)
MR     .....                    (no amulet)
Stlth  ++........               (no ring)
                                (no ring)

@: slowed, very slow, not resistant to hostile enchantments, unstealthy
A: no striking features
a: no special abilities


You were on level 2 of the Dungeon.
You were very hungry.

You visited 1 branch of the dungeon, and saw 2 of its levels.

You collected 51 gold pieces.

Inventory:

Hand Weapons
 e - a +0 dagger
 k - a +0 dagger
 m - a +0 dagger of flaming (weapon)
Armour
 a - a +0 robe
 d - a +0 leather armour (worn)
Wands
 p - a wand of random effects (35)
Scrolls
 g - 3 scrolls of identify {unknown}
 i - a scroll of amnesia {unknown}
 l - a scroll of teleportation {unknown}
Potions
 h - 2 potions of curing
 n - 2 potions of invisibility {unknown}
 o - a potion of haste {unknown}
Books
 b - a book of Conjurations

   Spells                             Type                      Level
   a - Magic Dart                     Conjuration                  1
   b - Searing Ray                    Conjuration                  2
   c - Dazzling Spray                 Conjuration/Hexes            3
   d - Fulminant Prism                Conjuration/Hexes            4
   e - Iskenderun's Mystic Blast      Conjuration                  4
   f - Iskenderun's Battlesphere      Conjuration/Charms           5
Miscellaneous
 j - a plain deck of defence {drawn: 1}
Comestibles
 c - 2 bread rations
 f - a meat ration


   Skills:
 + Level 0.0 Short Blades
 - Level 4.0 Dodging
 - Level 2.5 Stealth
 - Level 3.0 Spellcasting
 - Level 5.0 Conjurations


You had 7 spell levels left.
You knew the following spells:

 Your Spells              Type           Power        Failure   Level  Hunger
a - Magic Dart            Conj           ###.         3%          1    None


Dungeon Overview and Level Annotations

Branches:
Dungeon (2/15)

Altars:
Nemelex Xobeh

Annotations:
D:2 Natasha


Message History

Confirm with . or Enter, or press ? or * to list all spells.
Aiming: Magic Dart
Press: ? - help, Shift-Dir - straight line, f - Natasha, p - crimson imp
Aim: Natasha The magic dart hits the crimson imp.
The crimson imp is lightly wounded.
The crimson imp hits you. x2
Casting: Magic Dart
Confirm with . or Enter, or press ? or * to list all spells.
Aiming: Magic Dart
Press: ? - help, Shift-Dir - straight line, f/p - Natasha
Aim: Natasha The magic dart hits Natasha.
Natasha is lightly wounded.
Natasha barely misses you.
The crimson imp hits you but does no damage.
Natasha claws you! Natasha casts a spell at you. The magic dart hits you!
You die...

.. ..## ... ####.##
.......
...#...########## ####
.....................
##.#.).h..#######..#
.......5.@<........###
#...#............[...$
..# #...............#
. #.....###########
#.....+ ##....#
#..#### #.# #.


You could see Natasha and a crimson imp.

Vanquished Creatures
  Natasha (D:2)
  7 bats (D:1)
  5 goblins (D:1)
  A hobgoblin (D:1)
  2 jackals (D:1)
  A giant cockroach (D:1)
  2 giant newts (D:1)
  5 kobolds
  6 rats (D:1)
30 creatures vanquished.

Notes
Turn   | Place    | Note
--------------------------------------------------------------
     0 | D:1      | tp1 the Deep Elf Conjurer began the quest for the Orb.
     0 | D:1      | Reached XP level 1. HP: 10/10 MP: 6/6
   139 | D:1      | Reached XP level 2. HP: 15/15 MP: 4/8
   148 | D:1      | Found a sparkling altar of Nemelex Xobeh.
  1086 | D:1      | Found a sparkling altar of Nemelex Xobeh.
  1477 | D:1      | Reached XP level 3. HP: 19/19 MP: 7/9
  1647 | D:2      | Noticed Natasha
  1657 | D:2      | Killed Natasha
  1657 | D:2      | Reached skill level 5 in Conjurations
  1668 | D:2      | Noticed Natasha
  1743 | D:2      | Killed from afar by Natasha

Vault maps used:
D:1:      saegor_arrival_simple_c, serial_park_tiny_1, serial_bayou_pond_d,
          nemelex_deck
D:2:      evilmike_ruin_ashenzari, cheibrodos_gnoll_hut, uniq_robin,
          uniq_natasha, uniq_terence

Action                   || total
-------------------------++-------
Melee: Dagger            ||    12
 Cast: Magic Dart        ||    58
Evoke: Deck              ||     1
  Eat: Chunk             ||     1
